Map: Ice and Chrome LE

Players

maomao - Winner!

  • Race: Zerg Zerg
  • League: Gold
  • Spawn Location: 7:00

A.I. 1 (Harder)

  • Race: Terran Terran
  • Spawn Location: 1:00

VOD

Have the link to the VOD?

Description

Time

  • Played on: June 12, 2020, 3:03 p.m.
  • Length: 9:11
Show
View Real Time Build Order
Export as new Build Order

maomao Zerg - Winner!

Build Orders: Hatch First, Roach Hydra 

Get SALT Encoding   

  12  0:01  Drone  
  13  0:14  Overlord  
  13  0:18  Drone  
  14  0:32  Drone x2  
  16  0:49  Hatchery  
  15  0:54  Drone  
  17  0:57  Drone  
  17  1:00  Drone  
  18  1:11  Extractor  
  18  1:16  Spawning Pool  
  16  1:19  Drone  
  16  1:22  Drone  
  18  1:30  Drone  
  19  1:41  Drone  
  20  1:51  Overlord  
  20  2:03  Queen x2  
  20  2:04  Zergling x4  
  26  2:13  Drone x2  
  28  2:16  Metabolic Boost  
  28  2:25  Drone x2  
  30  2:35  Overlord  
  31  2:37  Drone  
  31  2:44  Queen  
  31  2:48  Queen  
  35  2:53  Overlord  
  35  2:56  Drone  
  36  2:59  Drone  
  36  3:02  Drone  
  38  3:09  Drone x2  
  40  3:16  Drone x4  
  40  3:19  Drone  
  45  3:21  Drone  
  46  3:30  Extractor  
  46  3:33  Extractor  
  44  3:35  Evolution Chamber  
  44  3:38  Roach Warren  
  42  3:41  Lair  
  42  3:47  Drone x2  
  42  3:48  Drone x2  
  46  3:50  Drone  
  46  3:52  Drone  
  46  3:54  Drone  
  49  3:56  Drone  
  50  4:04  Overlord, Zerg Missile Weapons Level 1  
  50  4:08  Overlord  
  50  4:26  Roach x2  
  50  4:27  Roach x4  
  62  4:37  Overlord x2  
  62  4:38  Glial Reconstitution  
  62  4:43  Hydralisk Den  
  61  4:46  Extractor  
  60  4:52  Overlord  
  60  4:53  Overlord  
  60  5:14  Drone x4  
  62  5:16  Drone x2  
  62  5:19  Grooved Spines, Hydralisk x4  
  74  5:36  Overlord x2  
  74  5:45  Roach  
  74  5:46  Roach x3  
  74  5:48  Hydralisk  
  84  5:51  Hydralisk  
  84  5:54  Hatchery, Hydralisk  
  87  6:03  Zerg Missile Weapons Level 2  
  87  6:17  Roach x4  
  95  6:18  Overlord x2  
  91  6:33  Drone x5  
  91  6:34  Drone  
  91  6:39  Muscular Augments  
  93  7:05  Drone x6  
  99  7:31  Hydralisk x2  
  99  7:32  Hydralisk x2  
  99  7:33  Drone x4  
  99  7:34  Drone x2  
  113  7:53  Extractor  
  113  7:54  Extractor  
  107  7:58  Hydralisk x2  
  107  7:59  Hydralisk x5  
  121  8:15  Hydralisk x8  
  121  8:17  Overlord x2  
  137  8:31  Overlord  
  137  8:32  Overlord x2  
  137  8:42  Overlord x3  
  137  8:43  Hydralisk x7  
  137  8:44  Hydralisk  
Show
View Real Time Build Order
Export as new Build Order

A.I. 1 (Harder) Terran 

Build Orders:  

Get SALT Encoding   

  12  0:00  SCV  
  13  0:13  SCV  
  14  0:18  Supply Depot  
  14  0:25  SCV  
  15  0:39  SCV  
  15  0:42  Barracks  
  16  0:47  Refinery  
  16  0:52  SCV  
  17  1:04  SCV  
  18  1:16  SCV  
  19  1:20  Supply Depot  
  19  1:28  SCV  
  19  1:29  Marine  
  21  1:40  Barracks  
  21  1:41  Orbital Command  
  21  1:48  Barracks Tech Lab, Refinery  
  21  2:06  Marine  
  21  2:08  Supply Depot  
  22  2:23  Marine  
  22  2:26  Marine  
  22  2:28  Factory  
  24  2:42  Marauder  
  26  2:50  Marine  
  27  3:03  Marine  
  28  3:07  Supply Depot  
  28  3:08  Marine  
  29  3:17  Starport  
  29  3:20  Marine  
  30  3:33  SCV  
  31  3:39  Marauder  
  31  3:40  Supply Depot  
  33  3:45  SCV  
  34  3:54  Engineering Bay  
  34  3:55  Starport Tech Lab  
  34  3:58  SCV  
  34  4:00  Marauder  
  37  4:10  SCV  
  37  4:13  Banshee  
  41  4:22  Marauder, SCV  
  43  4:34  SCV  
  44  4:46  SCV  
  45  4:56  Banshee  
  48  5:44  Viking, Barracks Tech Lab, Stimpack  
  48  5:47  Factory Tech Lab, Factory  
  50  5:50  Starport  
  50  5:52  Supply Depot, Command Center  
  50  6:01  Combat Shield  
  50  6:05  Terran Infantry Weapons Level 1  
  50  6:08  Siege Tank  
  52  6:20  Missile Turret  
  52  6:25  Missile Turret  
  52  6:26  Starport Tech Lab  
  52  6:30  Marine  
  52  6:31  Factory Tech Lab  
  31  6:40  Marine  
  32  6:49  Marine  
  33  6:58  Marine  
  34  7:05  SCV x2  
  34  7:08  Marine  
  37  7:15  Refinery  
  37  7:17  SCV, Marine  
  37  7:18  SCV  
  40  7:27  Marauder  
  40  7:29  SCV, Hellion x2  
  47  7:35  Marine  
  46  7:39  Banshee  
  47  7:49  Marine  
  47  7:50  Hellion  
  44  7:53  Marine  
  33  8:00  Viking, SCV  
  28  8:07  Marine  
  28  8:12  SCV  
  14  8:22  Viking  
  14  8:24  SCV  
  12  8:31  Command Center  
  8  8:36  SCV  
Tags
 
Composition
Roach Hydra
League
Gold
Matchup
TvZ
Spawn Locations
Cross Positions
Add a new tag
Caveats
  • Supply blocks, unpowered buildings, or Contaminate may cause inaccurate times.
  • Supply counts are checked every 10 seconds.